Map: Korhal Carnage Knockout LE

Players

Azira

  • Race: Zerg Zerg
  • League: Platinum

Blechfaust - Winner!

  • Race: Terran Terran
  • League: Gold

VOD

Have the link to the VOD?

Description

Time

  • Played on: April 9, 2016, 3:44 p.m.
  • Length: 8:38
Show
View Real Time Build Order
Export as new Build Order

Azira Zerg 

Build Orders: Hatch First 

Get SALT Encoding   

  12  0:01  Drone  
  13  0:09  Drone  
  14  0:17  Overlord  
  14  0:27  Extractor  
  14  0:28  Extractor, Drone  
  13  0:29  Drone  
  16  0:39  Drone  
  17  0:54  Drone  
  18  0:59  Hatchery  
  18  1:03  Drone  
  18  1:09  Extractor  
  17  1:18  Spawning Pool, Drone  
  17  1:21  Drone  
  18  1:28  Drone  
  19  1:47  Overlord  
  19  1:53  Drone  
  20  2:05  Queen  
  20  2:06  Zergling x2  
  23  2:11  Zergling x2  
  23  2:12  Queen  
  23  2:13  Drone  
  27  2:16  Metabolic Boost  
  27  2:23  Drone x2  
  29  2:34  Overlord  
  29  2:38  Drone  
  30  2:45  Drone x2  
  30  2:51  Queen  
  34  3:02  Extractor  
  34  3:03  Drone x2  
  34  3:04  Drone  
  36  3:06  Drone  
  37  3:18  Drone x3  
  40  3:20  Drone  
  40  3:21  Overlord  
  40  3:24  Hatchery  
  40  3:42  Spine Crawler  
  40  3:44  Roach Warren  
  40  3:45  Spine Crawler  
  37  3:56  Drone x3  
  37  3:57  Drone x3  
  43  4:05  Lair  
  43  4:12  Overlord  
  43  4:13  Overlord x3  
  43  4:18  Drone  
  43  4:23  Drone  
  45  4:31  Baneling Nest  
  45  4:33  Zergling x2  
  45  4:34  Zergling x12  
  51  4:39  Burrow  
  51  5:04  Pneumatized Carapace  
  51  5:06  Zergling x2  
  52  5:07  Zergling x14  
  52  5:08  Glial Reconstitution  
  52  5:14  Centrifical Hooks  
  59  5:16  Baneling  
  59  5:17  Baneling x3  
  59  5:22  Extractor  
  59  5:24  Extractor  
  57  5:35  Drone x2  
  59  5:36  Drone x4  
  59  5:38  Drone  
  64  5:50  Roach  
  64  5:51  Roach x3  
  72  6:00  Overlord  
  72  6:04  Hatchery  
  72  6:06  Overlord  
  72  6:07  Overlord x4  
  70  6:13  Baneling x5  
  70  6:14  Baneling  
  70  6:26  Roach  
  70  6:27  Roach x5  
  82  6:37  Zergling x6  
  68  6:47  Roach  
  68  6:48  Roach  
  61  7:03  Roach  
  61  7:04  Roach x2  
  59  7:09  Roach  
  59  7:14  Roach  
  59  7:16  Roach  
  59  7:17  Roach  
  59  7:18  Queen x2  
  59  7:19  Queen  
  59  7:20  Roach x2  
  59  7:21  Roach x2  
  77  7:34  Roach x3  
  83  7:45  Roach x5  
  91  7:57  Roach x5  
  71  8:06  Roach x4  
Show
View Real Time Build Order
Export as new Build Order

Blechfaust Terran - Winner!

Build Orders: MMM Bio 

Get SALT Encoding   

  12  0:00  SCV  
  13  0:13  SCV  
  14  0:17  Supply Depot  
  14  0:25  SCV  
  15  0:39  SCV  
  15  0:40  Barracks  
  16  0:46  Refinery  
  16  0:51  SCV  
  17  1:03  SCV  
  18  1:05  Barracks  
  18  1:15  SCV  
  19  1:27  Marine  
  20  1:37  Orbital Command  
  20  1:39  Supply Depot  
  20  1:50  Refinery  
  20  1:52  Barracks Tech Lab  
  20  1:53  Barracks Reactor  
  20  2:02  SCV  
  21  2:09  Engineering Bay  
  21  2:17  Combat Shields  
  21  2:21  Marine  
  22  2:29  Marine x2, Supply Depot  
  24  2:36  Terran Infantry Weapons Level 1  
  24  2:39  SCV  
  25  2:50  Marine x2  
  27  2:51  SCV  
  28  3:00  Factory  
  28  3:15  Marine x2  
  28  3:16  Marauder  
  28  3:17  SCV  
  33  3:22  Supply Depot  
  33  3:37  Marine x2  
  33  3:38  Marauder  
  33  3:39  Stimpack  
  37  3:44  Supply Depot  
  37  3:49  Starport  
  37  3:56  Marine x2  
  39  4:04  Marauder  
  41  4:15  Supply Depot  
  41  4:20  Marine x2  
  43  4:25  Marauder, Medivac  
  47  4:50  Marine x2  
  47  4:51  Marauder, Supply Depot  
  51  4:55  Medivac  
  51  4:57  Terran Infantry Armor Level 1  
  53  5:08  Marine x2  
  53  5:12  Marauder  
  57  5:19  Supply Depot  
  57  5:25  Medivac  
  57  5:26  Marine  
  57  5:27  Marine  
  61  5:34  Marauder  
  63  5:44  Marine x2  
  65  5:55  Marauder, Medivac  
  69  5:57  Supply Depot  
  69  6:02  Marine x2  
  71  6:16  Marauder  
  73  6:20  Marine x2  
  73  6:21  Supply Depot  
  73  6:25  Medivac  
  77  6:38  Marauder  
  61  6:48  Marine x2  
  59  6:55  Medivac  
  59  6:59  Marauder  
  58  7:06  Marine x2  
  54  7:24  Marine  
  54  7:25  Medivac  
  54  7:28  Marine  
  54  7:29  Barracks  
  57  7:30  Marine  
  58  7:41  Marine  
  59  7:46  Marauder  
  59  7:48  Marine  
  57  7:59  Marine  
  61  8:05  Marine  
  61  8:08  Marauder  
  64  8:17  Marine  
Tags
 
Add a new tag
Caveats
  • Supply blocks, unpowered buildings, or Contaminate may cause inaccurate times.
  • Supply counts are checked every 10 seconds.